 Dungeon Crawl Stone Soup version 0.22-a0-891-g4570db1 (webtiles) character file.

322 cirnu the Slasher (level 6, -2/52 HPs)
             Began as an Abomination Chaos Knight on Oct 8, 2019.
             Killed from afar by an orc wizard (3 damage)
             ... with a magic dart
             ... on level 4 of the Dungeon.
             The game lasted 00:11:16 (2182 turns).

cirnu the Slasher (Abomination Chaos Knight)        Turns: 2182, Time: 00:11:17

Health: -2/52      AC:  6    Str: 16    XL:     6   Next: 76%
Magic:  7/7        EV: 17    Int:  9    God:    Xom [..*...]
Gold:   197        SH:  0    Dex: 14    Spells: 5/5 levels left

rFire    x x x     SeeInvis .   a - +0 falchion (chaos)
rCold    + + .     Gourm    .   (no shield)
rNeg     . . .     Faith    .   l - +2 leather armour {rPois}
rPois    +         Spirit   .   (no helmet)
rElec    .         Reflect  .   (no cloak)
rCorr    .         Harm     .   t - +0 pair of boots (curse)
MR       .....                  (no amulet)
Stlth    ++........             (no ring)
HPRegen  0.57/turn              (no ring)
MPRegen  0.10/turn

@: agile
A: tentacle arms, two strong arms, no magic resistence, amphibious, 8 rings,
regeneration 1, heat vulnerability 2
a: Renounce Religion


You were on level 4 of the Dungeon.
You worshipped Xom.
You were a toy of Xom.
You were hungry.

You visited 1 branch of the dungeon, and saw 4 of its levels.

You collected 197 gold pieces.

Inventory:

Hand Weapons
 a - a +0 falchion of chaos (weapon)
Armour
 b - a +2 leather armour
 l - a +2 leather armour of poison resistance (worn)
 t - a cursed +0 pair of boots (worn)
Jewellery
 k - a ring of protection from cold (left tentacle)
 o - a ring of ice (right tentacle)
Wands
 s - a wand of paralysis (6)
Scrolls
 f - a scroll of identify
 g - 4 scrolls of magic mapping {unknown}
 h - a scroll of fear {unknown}
 i - 2 scrolls of immolation {unknown}
 j - 2 scrolls of random uselessness {unknown}
 m - 2 scrolls of remove curse {unknown}
 p - a scroll of enchant armour {unknown}
 q - 2 scrolls of teleportation {unknown}
Potions
 d - 2 potions of flight
 e - a potion of curing
 r - a potion of lignification
Comestibles
 c - 2 rations


   Skills:
 + Level 4.2 Fighting
 + Level 4.6 Long Blades
 + Level 2.6 Armour
 + Level 2.1 Dodging
 + Level 0.2 Stealth


You had 5 spell levels left.
You didn't know any spells.
Your spell library was empty.

Dungeon Overview and Level Annotations

Branches:
Dungeon (4/15)
 Temple: D:4-7

Altars:
Ashenzari
Okawaru
Ru
Xom


Innate Abilities, Weirdness & Mutations

You have a mass of tentacles for a left arm.
You have two strong right arms.
Your body has no innate resistence to magic.
You have gills and webbed feet.
You can wear up to eight rings at the same time.
Your natural rate of healing is unusually fast.
You are very vulnerable to heat. (rF--)


Message History

The shrimp is almost dead.
Your mace hits the shrimp!!
The shrimp dies!
The shrimp hits you.
You riposte.
You hit the shrimp.
You kill the shrimp!
The shrimp hits you with a club. The shrimp wizard casts a spell at you.
The magic dart hits you!
* * * CRAB GONE DIE * * *
You feel better. The shrimp wizard casts a spell at you.
The magic dart hits you!
* * * CRAB GONE DIE * * *
The phantom hits you!
* * * CRAB GONE DIE * * *
Your mace hits the phantom!! The shrimp hits you with a club.
* * * CRAB GONE DIE * * *
The shrimp wizard casts a spell at you. The magic dart hits you!
Your journey is over little crab

###########...#
#.............# #
#####.#########...#
#.## #...........#
##.##
#...##.###.#####.#
#.# ..#...#....(.#
#># #.......(.(#.#
#.# ##.....oW(.#%#
#.# .....o.@.(.#.#
#)# .......Z)..#.#
#.## #.#.......##.#
#.#.# #.......# .##
##.###. #........
...!.#.# ##
##...#####
.......###. #..#
#####.#.# #..
#######.).....
...>....###.##


You could see a phantom, an orc wizard, an orc, a quokka skeleton and a friendly
mace.

Vanquished Creatures
  A black bear (shapeshifter) (D:4)
  An orc priest (D:4)
  Ijyb (D:3)
  2 orc wizards (D:4)
  5 gnolls
  2 adders (D:2)
  2 dart slugs (D:1)
  A leopard gecko (D:1)
  An orc (D:4)
  3 ball pythons
  7 bats
  2 giant cockroaches
  5 hobgoblins (D:1)
  2 jackals (D:3)
  2 frilled lizards (D:2)
  5 goblins
  6 kobolds
  A quokka skeleton (D:4)
  7 rats
56 creatures vanquished.

Vanquished Creatures (collateral kills)
  An orc (D:4)
1 creature vanquished.

Grand Total: 57 creatures vanquished

Notes
Turn   | Place    | Note
-------+----------+-------------------------------------------
     0 | D:1      | cirnu the Abomination Chaos Knight began the quest for the Orb.
     0 | D:1      | Reached XP level 1. HP: 19/19 MP: 2/2
     6 | D:1      | Noticed a wolf
     6 | D:1      | Noticed a lindwurm
     6 | D:1      | Noticed a swamp drake
     7 | D:1      | Noticed a polar bear
    29 | D:1      | Reached XP level 2. HP: 26/26 MP: 3/3
   145 | D:1      | XOM: harmless Conj miscast
   180 | D:1      | Reached XP level 3. HP: 26/31 MP: 4/4
   199 | D:1      | XOM: enchant monster (bad)
   200 | D:1      | Reached skill level 1 in Dodging
   269 | D:1      | XOM: 5-stop teleportation journey
   418 | D:1      | XOM: god gift: runed leather armour {god gift}
   708 | D:1      | XOM: severe Conj miscast
   823 | D:2      | Reached XP level 4. HP: 39/39 MP: 5/5
   927 | D:2      | Found a shattered altar of Ashenzari.
   930 | D:2      | Found an iron altar of Okawaru.
   936 | D:2      | Found a shimmering altar of Xom.
  1114 | D:2      | XOM: 4-stop teleportation journey
  1216 | D:2      | Reached XP level 5. HP: 38/46 MP: 5/6
  1259 | D:2      | Found a sacrificial altar of Ru.
  1502 | D:2      | XOM: mild Conj miscast
  1643 | D:3      | Noticed Ijyb
  1648 | D:3      | Paralysed by Ijyb for 7 turns
  1660 | D:3      | Killed Ijyb
  1782 | D:3      | XOM: harmless Tmut miscast
  1788 | D:3      | XOM: noise
  2098 | D:4      | XOM: confuse monster(s)
  2115 | D:4      | Noticed a wolf
  2115 | D:4      | an orc priest changed into a wolf
  2116 | D:4      | Noticed a steam dragon
  2116 | D:4      | a wolf changed into a steam dragon
  2117 | D:4      | XOM: confusion (+ monsters)
  2119 | D:4      | Noticed a warg
  2119 | D:4      | a steam dragon changed into a warg
  2120 | D:4      | Noticed an ogre
  2120 | D:4      | a warg changed into an ogre
  2120 | D:4      | XOM: polymorph warg -> ogre
  2123 | D:4      | Noticed a hornet
  2123 | D:4      | an ogre changed into a hornet
  2126 | D:4      | Noticed a black bear
  2126 | D:4      | a hornet changed into a black bear
  2131 | D:4      | Killed a black bear
  2131 | D:4      | Reached XP level 6. HP: 16/52 MP: 7/7
  2171 | D:4      | Noticed a phantom
  2181 | D:4      | HP: 1/52 [orc/club (4)]
  2182 | D:4      | Killed from afar by an orc wizard

Vault maps used:
D:1:      onia_arrival_zoo_common, serial_bayou_lagoon_a
D:2:      grunt_temple_overflow_diamond, nicolae_ru_sacrificial_ziggurat
D:3:      uniq_ijyb
D:4:      first_ration, uniq_eustachio, uniq_blork_the_orc

Skill      XL: |  1  2  3  4  5 |
---------------+----------------+-----
Long Blades    | 3 4 |  4.6
Dodging        | 1 2 |  2.1
Armour         | 2 |  2.6
Fighting       | 4 |  4.2
Stealth        | |  0.2

Action                   |  1- 3 |  4- 6 || total
-------------------------+-------+-------++-------
Melee: Falchion          |    42 |    90 ||   132
       Tentacles         |     5 |    11 ||    16
  Use: Scroll            |       |     4 ||     4
       Potion            |       |     4 ||     4
 Stab: Sleeping          |     1 |       ||     1
  Eat: Ration            |       |     1 ||     1
Armor: Leather armour    |    15 |    49 ||    64
Dodge: Dodged            |    27 |    81 ||   108
       Rpst.: Falchion   |    14 |    43 ||    57

Table legend:
 A = Spawn XP
 B = Non-spawn XP
 C = Spawn XP percentage of total XP
 D = Spawn monster count
 E = Non-spawn monster count
 F = Spawn count percentage of total count
 G = Total turns spent on level
                    A         B        C        D         E        F      G
               +---------+---------+-------+---------+---------+-------+---------
         Total |       0 |     460 |   0.0 |       0 |      57 |   0.0 |  2182
               +---------+---------+-------+---------+---------+-------+---------
           D:1 |       0 |      51 |   0.0 |       0 |      19 |   0.0 |   758
           D:2 |       0 |     101 |   0.0 |       0 |      18 |   0.0 |   787
           D:3 |       0 |      58 |   0.0 |       0 |      12 |   0.0 |   542
           D:4 |       0 |     250 |   0.0 |       0 |       8 |   0.0 |    95
               +---------+---------+-------+---------+---------+-------+---------
